 Dungeon Crawl Stone Soup version 0.20.1-1-g8b1a95d66d (webtiles) character file.

315 Alannah the Poker (level 6, 0/51 HPs)
             Began as a Merfolk Skald on Jan 2, 2018.
             Slain by a leopard gecko (2 damage)
             ... on level 4 of the Dungeon.
             The game lasted 00:16:22 (3503 turns).

Alannah the Poker (Merfolk Skald)                   Turns: 3503, Time: 00:16:22

Health: 0/51       AC:  4    Str: 12    XL:     6   Next: 44%
Magic:  6/9        EV: 12    Int: 14    God:
Gold:   154        SH:  0    Dex: 13    Spells: 3/9 levels left

rFire    . . .     SeeInvis .   n - +0 trident
rCold    . . .     Gourm    .   (no shield)
rNeg     . . .     Faith    .   h - +0 leather armour (curse)
rPois    .         Spirit   .   (no helmet)
rElec    .         Reflect  .   o - +0 cloak
rCorr    .         Harm     .   (no gloves)
MR       .....                  (no boots)
Stlth    +.........             l - amulet of regeneration
Regen    0.6/turn               (no ring)
MPRegen  0.2/turn               (no ring)

@: infused
A: change form in water, swift swim, stealthy swim
a: no special abilities


You were on level 4 of the Dungeon.
You were not hungry.

You visited 1 branch of the dungeon, and saw 4 of its levels.

You collected 154 gold pieces.

Inventory:

Hand Weapons
 a - a +1 spear
 n - a +0 trident (weapon)
Armour
 b - a +0 leather armour
 h - a cursed +0 leather armour (worn)
 o - a +0 cloak (worn)
 p - a +0 shield
Jewellery
 l - an amulet of regeneration (around neck)
Wands
 r - a wand of lightning (5/15)
 s - a wand of flame (29/48)
Scrolls
 f - 9 scrolls of identify {unknown}
 g - 3 scrolls of recharging {unknown}
 k - 6 scrolls of teleportation {unknown}
 q - a scroll of noise {unknown}
 u - 2 scrolls of remove curse {unknown}
 w - a scroll of immolation {unknown}
Potions
 e - a potion of flight {unknown}
 j - a potion of ambrosia {unknown}
Books
 c - a book of Battle

   Spells                             Type                      Level
   a - Infusion                       Charms                       1
   b - Shroud of Golubria             Charms/Translocation         2
   c - Song of Slaying                Charms                       2
   d - Spectral Weapon                Hexes/Charms                 3
   e - Regeneration                   Charms/Necromancy            3
Comestibles
 d - 3 bread rations
 i - 2 royal jellies
 m - 2 fruits
 t - a meat ration
 v - 2 chunks of flesh


   Skills:
 - Level 5.0 Fighting
 - Level 7.4 Polearms
 - Level 0.6 Armour
 - Level 2.6 Dodging
 + Level 2.0 Spellcasting
 + Level 0.0 Hexes
 * Level 3.3 Charms


You had 3 spell levels left.
You knew the following spells:

 Your Spells              Type           Power        Failure   Level  Hunger
a - Infusion              Chrm           ##..         8%          1    ##.....
b - Song of Slaying       Chrm           ##......     12%         2    ###....
c - Spectral Weapon       Hex/Chrm       #.......     41%         3    ####...


Dungeon Overview and Level Annotations

Branches:
Dungeon (4/15)
 Temple: D:4-7

Altars:
Ashenzari
Cheibriados


Message History

The ogre shouts!
You barely miss the ogre. The ogre hits you with a giant club!
A leopard gecko comes into view.
You hit the ogre!
The ogre is moderately wounded.
The ogre hits you with a giant club!!
Ouch! That really hurt!
* * * LOW HITPOINT WARNING * * *
You barely miss the ogre.
The ogre is moderately wounded.
You closely miss the ogre.
The ogre is moderately wounded.
The leopard gecko bites you.
* * * LOW HITPOINT WARNING * * *
The ogre hits you with a giant club!
* * * LOW HITPOINT WARNING * * *
You hit the ogre.
The ogre is moderately wounded.
The leopard gecko bites you.
You die...

#..##### #..##.#
######..##.# ........##.#
############.##.##
......... #......
#........ #.##.##
#.####lO...... #.##.#
#.....@# #.##.##
.....##.##### ####...
####. #.....#### #.## #.
#####....# ###
###.######..#.#
...........# #
........#....#
##.#.##.######
#####.#.##.##############


You could see an ogre and a leopard gecko.

Vanquished Creatures
  A phantom (D:4)
  A howler monkey (D:4)
  A hound (D:4)
  Terence (D:3)
  A worker ant (D:4)
  2 adders
  2 worms
  4 dart slugs
  A leopard gecko (D:3)
  An orc (D:4)
  11 bats
  5 giant cockroaches
  12 goblins
  7 hobgoblins
  3 jackals (D:1)
  4 kobolds
  A quokka (D:4)
  A ball python (D:2)
  10 frilled lizards
  A jackal skeleton (D:4)
  9 rats
79 creatures vanquished.

Notes
Turn   | Place    | Note
-------+----------+-------------------------------------------
     0 | D:1      | Alannah the Merfolk Skald began the quest for the Orb.
     0 | D:1      | Reached XP level 1. HP: 16/16 MP: 3/3
   189 | D:1      | Reached XP level 2. HP: 23/23 MP: 5/5
   588 | D:1      | Reached skill level 4 in Polearms
   594 | D:1      | Reached XP level 3. HP: 29/29 MP: 6/6
   598 | D:1      | Learned a level 2 spell: Song of Slaying
   602 | D:1      | Learned a level 3 spell: Spectral Weapon
  1433 | D:2      | Found a snail-covered altar of Cheibriados.
  1510 | D:2      | Found a shattered altar of Ashenzari.
  1872 | D:2      | Reached XP level 4. HP: 35/35 MP: 7/7
  2350 | D:3      | Noticed Terence
  2360 | D:3      | Killed Terence
  2360 | D:3      | Reached skill level 5 in Polearms
  2719 | D:3      | Reached XP level 5. HP: 42/42 MP: 8/8
  3119 | D:4      | Reached skill level 6 in Polearms
  3343 | D:4      | Noticed a phantom
  3367 | D:4      | Killed a phantom
  3367 | D:4      | Reached skill level 5 in Fighting
  3367 | D:4      | Reached skill level 7 in Polearms
  3367 | D:4      | Reached XP level 6. HP: 16/51 MP: 5/9
  3502 | D:4      | HP: 2/51 [ogre/giant club (7)]
  3503 | D:4      | Slain by a leopard gecko

Skill      XL: |  1  2  3  4  5 |
---------------+----------------+-----
Fighting       | 3 5 |  5.0
Polearms       | 4 5 7 |  7.4
Armour         | |  0.6
Dodging        | |  2.6
Spellcasting   | |  2.0
Charms         | |  3.3

Action                   |  1- 3 |  4- 6 || total
-------------------------+-------+-------++-------
Melee: Spear             |   124 |       ||   124
       Trident           |    28 |   159 ||   187
 Cast: Infusion          |       |     3 ||     3
  Use: Scroll            |     2 |       ||     2
 Stab: Sleeping          |     2 |       ||     2
       Distracted        |       |     1 ||     1
  Eat: Chunk             |     3 |     6 ||     9
Armor: Leather armour    |    29 |    35 ||    64
Dodge: Dodged            |    74 |    87 ||   161
